 Dungeon Crawl Stone Soup version 0.20-a0-1034-gb277f92 (webtiles) character file.

3145 theAP the Basher (level 9, -14/60 HPs)
             Began as a Gargoyle Fighter on Apr 21, 2017.
             Was an Initiate of Gozag.
             Demolished by a tentacled starspawn (20 damage)
             ... on level 1 of the Abyss.
             The game lasted 00:15:55 (6258 turns).

theAP the Basher (Gargoyle Fighter)                 Turns: 6258, Time: 00:15:57

Health: -14/60     AC: 22    Str: 22      XL:     9   Next: 93%
Magic:  7/7        EV:  4    Int:  5 (6)  God:    Gozag
Gold:   632        SH: 14    Dex:  9 (11) Spells: 8/8 levels left

rFire    + . .     SeeInvis .   a - +0 flail
rCold    . . .     Gourm    .   c - +0 shield
rNeg     + . .     Faith    .   J - +0 plate armour (curse)
rPois    ∞         Spirit   .   u - +1 helmet
rElec    +         Reflect  +   (no cloak)
rCorr    .         Harm     .   (no gloves)
MR       .....     Rnd*Rage +   I - +2 pair of boots Stlth ..........Rnd*Tele +
                                e - +5 amulet of reflection
Regen    0.2/turn               G - ring of fire
MPRegen  0.1/turn               j - +5 ring of protection

@: no status effects
A: agile 1, [berserk 3], cold resistance 1, [deformed body], [deterioration 2],
[dopey 2], [low mp 2], negative energy resistance 1, [screaming 3], electricity
resistance, [teleportitis 2], unbreathing, petrification resistance, [no potion
heal 2], rot immunity, AC +5
a: Potion Petition, Call Merchant, Bribe Branch, Renounce Religion


You were on level 1 of the Abyss.
You worshipped Gozag.
Gozag was pleased with you.
You were not hungry.

You visited 2 branches of the dungeon, and saw 8 of its levels.
You visited the Abyss 1 time.

You collected 733 gold pieces.
You paid 101 gold pieces to Gozag.

Inventory:

Hand Weapons
 a - a +0 flail (weapon)
Armour
 b - a +0 scale mail
 c - a +0 shield (worn)
 i - a +0 pair of boots
 l - a +1 ring mail of fire resistance
 o - a +0 pair of boots
 s - a +0 helmet
 u - a +1 helmet (worn)
 I - a +2 pair of boots (worn)
 J - a cursed +0 plate armour (worn)
Jewellery
 e - a +5 amulet of reflection (around neck)
 j - a +5 ring of protection (right hand)
 k - a -2 ring of protection
 n - an uncursed ring of protection from cold
 q - an uncursed amulet of regeneration
 t - an uncursed ring of stealth {unknown}
 G - a ring of fire (left hand)
Wands
 x - a wand of lightning (4/15)
Scrolls
 p - a scroll of identify
 y - a scroll of amnesia {unknown}
 A - a scroll of vulnerability {unknown}
 B - a scroll of enchant weapon {unknown}
 C - a scroll of noise {unknown}
 E - a scroll of magic mapping
 F - a scroll of immolation {unknown}
Potions
 d - a potion of might
 g - a potion of berserk rage
 h - a potion of curing
 m - 3 potions of invisibility
 v - a potion of agility
 z - a potion of brilliance
 D - 2 potions of haste {unknown}
Books
 H - a book of Air

   Spells                             Type                      Level
   a - Shock                          Conjuration/Air              1
   b - Swiftness                      Charms/Air                   2
   c - Static Discharge               Conjuration/Air              3
   d - Airstrike                      Air                          4
   e - Lightning Bolt                 Conjuration/Air              5
Comestibles
 f - 3 bread rations
 r - 3 meat rations


   Skills:
 + Level 9.3 Fighting
 * Level 11.1 Maces & Flails
 - Level 3.2 Armour
 - Level 3.2 Shields


You had 8 spell levels left.
You didn't know any spells.

Dungeon Overview and Level Annotations

Branches:
Dungeon (7/15)             Temple (1/1) D:5

Altars:
Ashenzari
Cheibriados
Dithmenos
Elyvilon
Fedhas
Gozag
Hepliaklqana
Kikubaaqudgha
Nemelex Xobeh
Okawaru
Qazlal
Ru
Trog
Vehumet
Wu Jian
Yredelemnul
The Shining One

Annotations:
D:7 1 runed door, theAP's ghost, novice GrFi


Innate Abilities, Weirdness & Mutations

You are resistant to torment.
Your stone body is resilient. (AC +5)
You are immune to poison.
You resist negative energy. (rN+)
You are resistant to electric shocks. (rElec)
You can survive without breathing.
You are immune to petrification.
You are immune to rotting.
You are agile. (Dex +2)
Your flesh is cold resistant. (rC+)
[You have an uncontrollable temper.]
[Armour fits poorly on your strangely shaped body.]
[Your body often deteriorates upon taking damage.]
[You are very dopey. (Int -4)]
[Your magical capacity is very low. (-20% MP)]
[You frequently scream uncontrollably at your foes.]
[You are sometimes teleported next to monsters.]
[Potions are poor at restoring your health.]


Message History

* * * LOW HITPOINT WARNING * * *
The starspawn tentacle constricts you.
You bludgeon the tentacled starspawn!!
The starspawn tentacle loses its grip on you.
The tentacled starspawn is moderately damaged.
You block the quasit's attack. x2
The quasit claws you but does no damage.
The tentacled starspawn bites you but does no damage.
You block the tentacled starspawn's attack.
The starspawn tentacle grabs you.
* * * LOW HITPOINT WARNING * * *
The starspawn tentacle constricts you.
You hit the tentacled starspawn but do no damage.
The starspawn tentacle loses its grip on you.
The tentacled starspawn is moderately damaged.
You block the quasit's attack. The quasit barely misses you.
The quasit claws you but does no damage.
The tentacled starspawn bites you!!
You die...
Your body crumbles into a pile of gold.

### ..# #.##
#.#
#...#####.##
#.X@5##..# #
#ww##x#..#.#
#....
#..3.#.#
##.###.###..#
#.. #.#.#
#..# .. ## #.
#.X### # .$
.### ...#....
##.. #5.##..#
.# #....5..
..##.


You could see a tentacled starspawn, a neqoxec, a small abomination, 2 starspawn
tentacles and a quasit.

Vanquished Creatures
  A wretched star (Abyss:1)
  The ghost of nht the Twirler, an amateur OgGl (D:3)
  Eustachio (D:4)
  Menkaure (D:7)
  Duvessa (D:4)
  A sky beast (D:7)
  An ice beast (D:5)
  A black bear (D:6)
  A phantom (D:4)
  2 ogres
  2 centaurs
  2 bullfrogs
  Blork the orc (D:4)
  Dowan (D:4)
  A scorpion (D:7)
  6 killer bees (D:7)
  A water moccasin skeleton (D:6)
  A vampire bat (D:2)
  A howler monkey (D:4)
  A crimson imp (D:2)
  2 hounds
  A bullfrog zombie (D:6)
  2 bullfrog skeletons
  2 centaur skeletons (D:6)
  2 orc wizards (D:6)
  Natasha (thrice) (D:4)
  A worker ant (D:6)
  A killer bee zombie (D:6)
  A hound zombie (D:6)
  2 hound skeletons (D:4)
  Robin (D:2)
  3 gnolls (D:4)
  7 adders
  A howler monkey skeleton (D:7)
  2 shadow imps (D:7)
  2 oozes
  3 adder zombies
  3 worms
  A dart slug (D:2)
  5 leopard geckos
  10 orcs
  2 ball pythons
  5 bats
  3 bat skeletons (D:2)
  3 bat zombies (D:2)
  5 giant cockroaches
  14 goblins
  8 hobgoblins
  7 jackals
  4 kobolds
  3 quokkas
  2 frilled lizards
  6 rats
  A bush (D:5)
146 creatures vanquished.

Notes
Turn   | Place    | Note
-------+----------+-------------------------------------------
     0 | D:1      | theAP the Gargoyle Fighter began the quest for the Orb.
     0 | D:1      | Reached XP level 1. HP: 14/14 MP: 1/1
   130 | D:1      | Reached XP level 2. HP: 19/19 MP: 2/2
   818 | D:2      | Reached skill level 3 in Maces & Flails
   847 | D:2      | Reached XP level 3. HP: 20/24 MP: 3/3
   852 | D:2      | Found an ancient bone altar of Kikubaaqudgha.
   860 | D:2      | Reached XP level 4. HP: 26/29 MP: 4/4
   935 | D:2      | Noticed Robin
  1202 | D:2      | Reached skill level 4 in Maces & Flails
  1341 | D:2      | Reached XP level 5. HP: 32/34 MP: 5/5
  1400 | D:2      | Killed Robin
  1809 | D:3      | Gained mutation: You expend magic power (3 MP) to strengthen your wands. [potion of mutation]
  1809 | D:3      | Gained mutation: [You tend to lose your temper in combat.] [potion of mutation]
  1809 | D:3      | Gained mutation: You do not regenerate when monsters are visible. [potion of mutation]
  1809 | D:3      | Gained mutation: Your muscles are strong. (Str +2) [potion of mutation]
  1810 | D:3      | Lost mutation: Your muscles are strong. (Str +2) [potion of mutation]
  1810 | D:3      | Lost mutation: You expend magic power (3 MP) to strengthen your wands. [potion of mutation]
  1810 | D:3      | Lost mutation: [You tend to lose your temper in combat.] [potion of mutation]
  1810 | D:3      | Lost mutation: You do not regenerate when monsters are visible. [potion of mutation]
  1810 | D:3      | Gained mutation: You are agile. (Dex +2) [potion of mutation]
  1810 | D:3      | Gained mutation: Your flesh is cold resistant. (rC+) [potion of mutation]
  2017 | D:3      | Noticed nht's ghost (amateur OgGl)
  2053 | D:3      | Killed nht's ghost
  2053 | D:3      | Reached skill level 5 in Fighting
  2053 | D:3      | Reached skill level 5 in Maces & Flails
  2053 | D:3      | Reached XP level 6. HP: 19/40 MP: 6/6
  2222 | D:4      | Reached skill level 6 in Maces & Flails
  2222 | D:4      | Reached XP level 7. HP: 21/44 MP: 7/7
  2273 | D:4      | Noticed Natasha
  2284 | D:4      | Killed Natasha
  2341 | D:4      | Noticed Eustachio
  2424 | D:4      | Killed Eustachio
  2493 | D:4      | Noticed Natasha
  2494 | D:4      | Noticed Dowan
  2498 | D:4      | Noticed Duvessa
  2506 | D:4      | Noticed Blork the orc
  2509 | D:4      | Killed Natasha
  2515 | D:4      | Reached skill level 7 in Maces & Flails
  2521 | D:4      | Noticed Natasha
  2529 | D:4      | Killed Duvessa
  2531 | D:4      | Killed Blork the orc
  2531 | D:4      | Reached XP level 8. HP: 47/52 MP: 8/8
  2533 | D:4      | Killed Natasha
  2536 | D:4      | Killed Dowan
  3057 | D:4      | Reached skill level 8 in Maces & Flails
  3371 | D:5      | Entered Level 5 of the Dungeon
  3620 | D:5      | Found a staircase to the Ecumenical Temple.
  4047 | Temple   | Entered the Ecumenical Temple
  4145 | Temple   | Became a worshipper of Gozag Ym Sagoz the Greedy
  4220 | D:6      | Reached skill level 9 in Maces & Flails
  4344 | D:6      | Reached XP level 9. HP: 59/59 MP: 9/9
  5136 | D:7      | Reached skill level 10 in Maces & Flails
  5401 | D:7      | Noticed Menkaure
  5419 | D:7      | Killed Menkaure
  5700 | D:7      | Found a runed door.
  5819 | D:7      | Noticed theAP's ghost (novice GrFi)
  5838 | D:7      | Cast into level 1 of the Abyss (theAP's ghost)
  5890 | Abyss:1  | Noticed a smoke demon
  5914 | Abyss:1  | Noticed a large abomination
  5955 | Abyss:1  | Noticed a blizzard demon
  5958 | Abyss:1  | Noticed a large abomination
  6044 | Abyss:1  | Noticed a wretched star
  6080 | Abyss:1  | HP: 1/60 [wretched star/orb of energy (13)]
  6087 | Abyss:1  | Killed a wretched star
  6087 | Abyss:1  | Reached skill level 11 in Maces & Flails
  6158 | Abyss:1  | Noticed a large abomination
  6175 | Abyss:1  | Noticed a thrashing horror
  6209 | Abyss:1  | Noticed a starcursed mass
  6253 | Abyss:1  | Noticed a tentacled starspawn
  6258 | Abyss:1  | Demolished by a tentacled starspawn

Vault maps used:
D:1:      onia_arrival_pentagram
D:2:      kennysheep_vampire_church, minmay_misc_feat_secret_circle, uniq_robin
D:4:      uniq_natasha, uniq_duvessa, uniq_blork_the_orc, uniq_eustachio
D:5:      minmay_temple_entry_water_ring, first_bread, kb_lookout_dungeons_type
D:6:      cheibrodos_quashed, kennysheep_generic_room_5
D:7:      kennysheep_generic_room_7, uniq_menkaure, uniq_crazy_yiuf_cottage
Temple:   kb_temple_of_zot

Skill      XL: |  1  2  3  4  5  6  7  8  9 |
---------------+----------------------------+-----
Maces & Flails | 3 4 5 6 7 9 11 | 11.1
Fighting       | 4 5 6 7 9 |  9.3
Armour         | |  3.2
Shields        | |  3.2

Action                   |  1- 3 |  4- 6 |  7- 9 || total
-------------------------+-------+-------+-------++-------
Melee: Flail             |   107 |   281 |   484 ||   872
  Use: Scroll            |     4 |     4 |     5 ||    13
       Potion            |       |     2 |     8 ||    10
 Stab: Distracted        |       |       |     3 ||     3
  Eat: Chunk             |       |     5 |     2 ||     7
       Meat ration       |       |       |     1 ||     1
       Bread ration      |       |       |     2 ||     2
Armor: Scale mail        |    16 |       |       ||    16
       Ring mail         |    40 |   165 |   354 ||   559
       Plate armour      |       |       |    28 ||    28
Dodge: Dodged            |    32 |    93 |   200 ||   325
Block: Shield            |   127 |   210 |   315 ||   652
       Reflection        |       |     4 |     2 ||     6
